 Dungeon Crawl Stone Soup version 0.16.2-12-gd0ad4c3 (webtiles) character file.

85 pigpen the Covered (level 4, 0/42 HPs)
             Began as a Deep Dwarf Fighter on Oct 2, 2015.
             Slain by Grinder (5 damage)
             ... on level 3 of the Dungeon.
             The game lasted 00:12:55 (1885 turns).

pigpen the Covered (Deep Dwarf Fighter)             Turns: 1885, Time: 00:12:55

Health: 0/42       AC:  7    Str: 21    XL:     4   Next: 25%
Magic:  3/3        EV:  7    Int:  8    God:
Gold:   28         SH:  9    Dex: 12    Spells: 0 memorised, 3 levels left

rFire  x . .     SeeInvis .     a - +0 war axe
rCold  + . .     Clarity  .     b - +0 scale mail
rNeg   . . .     SustAb   .     c - +0 shield
rPois  .         Gourm    .     (no helmet)
rElec  .         Spirit   .     (no cloak)
rCorr  .         Warding  .     (no gloves)
rMut   .         Stasis   .     (no boots)
MR     .....                    (no amulet)
Stlth  ..........               (no ring)
                                i - ring of ice

@: non-regenerating, not resistant to hostile enchantments, extremely unstealthy
A: damage resistance, recharge devices, sense surroundings 1, slow healing 3
a: Device Recharging


You were on level 3 of the Dungeon.
You were hungry.

You visited 1 branch of the dungeon, and saw 3 of its levels.

You collected 28 gold pieces.

Inventory:

Hand weapons
 a - a +0 war axe (weapon)
Armour
 b - a +0 scale mail (worn)
 c - a +0 shield (worn)
 m - a +0 ring mail
 o - a +0 scale mail
Jewellery
 i - a ring of ice (left hand)
 k - an uncursed ring of fire {unknown}
Magical devices
 d - a wand of heal wounds (3)
Scrolls
 g - 4 scrolls of identify {unknown}
 h - 2 scrolls of remove curse {unknown}
 j - a scroll of fear {unknown}
 p - a scroll of blinking {unknown}
Potions
 e - a potion of might
 r - a potion of lignification {unknown}
Comestibles
 f - 2 bread rations
 l - 2 royal jellies
 q - a meat ration
 s - a slice of pizza


   Skills:
 * Level 3.1 Fighting
 * Level 3.3 Axes
 + Level 4.0 Armour
 + Level 3.8 Shields


You had 3 spell levels left.
You didn't know any spells.

Dungeon Overview and Level Annotations

Branches:
Dungeon (3/15)

Altars:
Ashenzari
Zin

Annotations:
D:3 Grinder


Innate Abilities, Weirdness & Mutations

You are resistant to damage.
You can recharge devices by infusing magical energy.
You passively map a small area around you.
You do not heal naturally.


Message History

You hit Grinder.
Grinder is severely wounded.
Grinder hits you.
* * * LOW HITPOINT WARNING * * *
You writhe in agony.
Grinder gestures at you. You resist with some effort.
You barely miss Grinder.
Grinder is severely wounded.
Grinder gestures at you. Pain shoots through your body!
* * * LOW HITPOINT WARNING * * *
There's nothing to close nearby.
Evoke which item? (* to show all) (? for menu, Esc to quit)
This wand has no charges.
Use which ability? (? or * to list) Charge which item? (? for menu, Esc to quit)
Your wand of heal wounds (0) glows for a moment and now has 3 charges.
Grinder hits you.
You writhe in agony.
You die...

#., #...# #..## #.
* #.#.# #..#######
#. ,
####.#.###.........
.. * *
#....#......#######
.. #.#######...#
.## #....#.....##
*# ####.#.###.# *
###(#.###.## ,
#...@5.....######
#.#####.........#
#.* #....####.#* ,
# #...## , * #.###
*#.# ..# * .... *,
#.#.


You could see Grinder.

Vanquished Creatures
  3 adders
  2 worms (D:2)
  A giant gecko (D:2)
  9 hobgoblins
  4 jackals (D:1)
  3 bats
  3 giant newts
  9 goblins
  2 kobolds
  9 rats
45 creatures vanquished.

Notes
Turn   | Place    | Note
--------------------------------------------------------------
     0 | D:1      | pigpen, the Deep Dwarf Fighter, began the quest for the Orb.
     0 | D:1      | Reached XP level 1. HP: 20/20 MP: 1/1
     3 | D:1      | Noticed an electric eel
    12 | D:1      | Noticed an electric eel
   236 | D:1      | Reached XP level 2. HP: 14/27 MP: 2/2
  1131 | D:2      | Found a shattered altar of Ashenzari.
  1262 | D:2      | Reached XP level 3. HP: 17/34 MP: 3/3
  1624 | D:2      | Reached skill level 4 in Armour
  1624 | D:2      | Reached XP level 4. HP: 24/42 MP: 4/4
  1697 | D:2      | You fall through a shaft!
  1697 | D:3      | Found a glowing silver altar of Zin.
  1832 | D:3      | Noticed Grinder
  1885 | D:3      | Slain by Grinder

Action                   |  1- 3 |  4- 6 || total
-------------------------+-------+-------++-------
Melee: War axe           |   148 |    37 ||   185
 Abil: Device Recharging |       |     1 ||     1
Evoke: Wand              |     2 |     3 ||     5
  Eat: Chunk             |     2 |     1 ||     3
